 Dungeon Crawl Stone Soup version 0.27-a0-1202-ge72e491 (webtiles) character file.

Game seed: 17033078164084065862

107 DirtyWord the Skirmisher (level 4, -1/30 HPs)
             Began as a Gargoyle Berserker on June 4, 2021.
             Was a Believer of Trog.
             Slain by a gnoll
             ... wielding a +2 short sword of venom
              (8 damage)
             ... on level 3 of the Dungeon.
             The game lasted 00:07:07 (2261 turns).

DirtyWord the Skirmisher (Gargoyle Berserker)       Turns: 2261, Time: 00:07:10

Health: -1/30      AC:  6    Str: 21    XL:     4   Next: 85%
Magic:  4/4        EV: 11    Int:  8    God:    Trog [**....]
Gold:   46         SH:  0    Dex:  9    Spells: 3/3 levels left

rFire    . . .     SeeInvis .   a - +0 hand axe (venom)
rCold    . . .     Faith    .   (no shield)
rNeg     + . .     Spirit   .   o - +0 leather armour
rPois    ∞         Reflect  .   (no helmet)
rElec    +         Harm     .   (no cloak)
rCorr    .         Rampage  .   (no gloves)
Will     .....                  (no boots)
Stlth    +.........             (no amulet)
HPRegen  0.10/turn              (no ring)
MPRegen  0.09/turn              (no ring)

@: on berserk cooldown, slowed, very slow
A: sickness immunity, AC +3, negative energy resistance 1, electricity
resistance, torment resistance 1, petrification resistance
a: Renounce Religion, Berserk, Trog's Hand


You were on level 3 of the Dungeon.
You worshipped Trog.
Trog was pleased with you.
You visited 1 branch of the dungeon, and saw 3 of its levels.

You collected 46 gold pieces.

Inventory:

Hand Weapons
 a - a +0 hand axe of venom (weapon)
Armour
 o - a +0 leather armour (worn)
Jewellery
 h - a ring of magical power
Scrolls
 d - a scroll of acquirement {unknown}
 f - a scroll of fear {unknown}
 k - a scroll of noise {unknown}
 l - a scroll of identify {unknown}
 m - a scroll of amnesia {unknown}
Potions
 b - a potion of degeneration {unknown}
 c - a potion of curing {unknown}
 e - a potion of haste {unknown}
 g - a potion of cancellation {unknown}
 i - a potion of mutation {unknown}
 n - a potion of attraction {unknown}


   Skills:
 * Level 4.9 Fighting
 + Level 3.8 Axes
 - Level 2.1 Armour
 - Level 1.5 Dodging
 + Level 0.3 Stealth


You had 3 spell levels left.
You didn't know any spells.
Your spell library was empty.

Dungeon Overview and Level Annotations

Branches:
Dungeon (3/15)

Altars:

Annotations:
D:2 Sigmund


Innate Abilities, Weirdness & Mutations

You are immune to sickness and miasma.
Your stone body is resilient. (AC +3)
You are immune to poison.
You resist negative energy. (rN+)
You are resistant to electric shocks. (rElec)
You are resistant to unholy torment.
You are immune to petrification.


Message History

You barely miss the gnoll.
The gnoll is moderately wounded.
The gnoll hits you with a +0 club.
A gnoll comes into view. It is wielding a +0 spear.
You barely miss the gnoll.
The gnoll is moderately wounded.
The gnoll shouts!
The gnoll hits you with a +0 club.
You slash the gnoll!
You kill the gnoll!
Trog accepts your kill.
You are too berserk!
Things that are here:
a +0 club; a +0 dagger You feel a strong urge to attack something.
The gnoll shouts!
You are no longer berserk.
You are exhausted.
You feel yourself slow down.
The gnoll throws a throwing net.
The throwing net hits you.
You become entangled in the net!
You see here a throwing net.
You struggle against the net.
You struggle against the net.
The gnoll hits you from afar with a +0 spear.
The gnoll closely misses you.
You struggle against the net.
The gnoll hits you from afar with a +0 spear.
The gnoll hits you with a +2 short sword of venom.
You rip the net and break free!
The gnoll barely misses you.
The gnoll hits you with a +2 short sword of venom.
The gnoll hits you from afar with a +0 spear.
As you read the scroll labelled XIALYO USATIESCH, it crumbles to dust.
It is a scroll of brand weapon.
Your +0 hand axe drips with poison.
a - a +0 hand axe of venom (weapon)
The gnoll hits you with a +2 short sword of venom.
* * * LOW HITPOINT WARNING * * *
The gnoll misses you.
The gnoll hits you with a +2 short sword of venom!
You die...

#...###. #......#
#...###..... .....
..######.###.### ####.
###... ..##.##†.######
#.## .............# ....
#.##.........## .....
#.##..........# .....#
#....#.........
......######.#.......####.
...........g@#######......
..g....†..g..))......##
..........############
..).......# ..........#
.(........# g..........
......<...## ..........#


You could see 2 gnolls.

Vanquished Creatures
  2 gnolls (D:3)
  2 adders
  2 worms (D:2)
  4 dart slugs
  An orc (D:3)
  4 ball pythons
  4 endoplasms
  2 giant cockroaches
  6 goblins
  4 hobgoblins
  7 jackals
  5 bats
  3 frilled lizards
  2 kobolds
  6 rats
54 creatures vanquished.

Notes
Turn   | Place    | Note
-------+----------+-------------------------------------------
     0 | D:1      | DirtyWord the Gargoyle Berserker began the quest for the
                  | Orb.
     0 | D:1      | Reached XP level 1. HP: 14/14 MP: 1/1
   233 | D:1      | Reached XP level 2. HP: 16/20 MP: 2/2
   564 | D:1      | Found a faded altar of an unknown god.
   952 | D:2      | Reached skill level 4 in Fighting
  1118 | D:2      | Reached XP level 3. HP: 21/24 MP: 3/3
  1842 | D:2      | Noticed Sigmund
  1847 | D:2      | Reached ** piety under Trog
  1895 | D:2      | Reached XP level 4. HP: 26/30 MP: 4/4
  2261 | D:3      | Slain by a gnoll

Illustrated notes

Levels and vault maps discovered:
D:1:      amcnicky_arrival_single_pillar, layout_loops_ring,
          hellmonk_ecumenical_altar_heavens_door
D:2:      layout_loops_ring, amcnicky_mini_rare_corridor_liquid, uniq_sigmund
D:3:      layout_rooms, feat_on_display

Skill      XL: |  1  2 |
---------------+-------+-----
Axes           | 3 |  3.8
Fighting       | 4 |  4.9
Armour         | |  2.1
Dodging        | |  1.5
Stealth        | |  0.3

Action                   |  1- 3 |  4- 6 || total
-------------------------+-------+-------++-------
Melee: Hand axe          |   104 |    41 ||   145
Invok: Berserk           |     3 |     2 ||     5
  Use: Scroll            |       |     1 ||     1
Armor: Animal skin       |    39 |     7 ||    46
       Leather armour    |       |     8 ||     8
Dodge: Dodged            |    81 |    20 ||   101

Table legend: (Time is in decaauts)
 A = Elapsed time spent in this place.
 B = Non-inter-level travel time spent in this place.
 C = Inter-level travel time spent in this place.
 D = Time resting spent in this place.
 E = Time spent auto-exploring this place.
 F = Levels seen in this place.
 G = Mean time per level.
                   A        B        C        D        E       F      G
               +--------+--------+--------+--------+--------+-----+--------+
         Total |   2320 |   2294 |     26 |    897 |    899 |   3 |  773.3 |
       Dungeon |   2320 |   2294 |     26 |    897 |    899 |   3 |  773.3 |
               +--------+--------+--------+--------+--------+-----+--------+

Top non-repeatable levels by time:
     D:2: 1115 daAuts
     D:1: 857 daAuts
     D:3: 347 daAuts
